 Dungeon Crawl Stone Soup version 0.17.2-1-ge4368a0 (webtiles) character file.

796 Ladykiller69 the Chopper (level 8, -5/60 HPs)
             Began as a Formicid Fighter on Sept 10, 2016.
             Was an Initiate of Cheibriados.
             Slain by an ogre
             ... wielding a +0 giant spiked club
              (30 damage)
             ... on level 5 of the Dungeon.
             The game lasted 00:11:18 (4452 turns).

Ladykiller69 the Chopper (Formicid Fighter)         Turns: 4452, Time: 00:11:18

Health: -5/60      AC: 11    Str: 25    XL:     8   Next: 13%
Magic:  8/8        EV:  6    Int:  8    God:    Cheibriados [......]
Gold:   260        SH: 11    Dex: 11    Spells: 0 memorised, 7 levels left

rFire  . . .     SeeInvis +     a - +0 war axe
rCold  . . .     Clarity  .     C - +0 plate armour
rNeg   . . .     SustAt   .     c - +0 shield
rPois  .         Gourm    .     (helmet unavailable)
rElec  .         Spirit   .     (no cloak)
rCorr  .         Warding  .     (no gloves)
rMut   .         Stasis   +     (no boots)
MR     .....                    (no amulet)
Stlth  ..........               (no ring)
                                (no ring)

@: very slow, not resistant to hostile enchantments, extremely unstealthy
A: permanent stasis, dig shafts and tunnels, four strong arms, antennae 3
a: Dig, Shaft Self, Bend Time, Renounce Religion


You were on level 5 of the Dungeon.
You worshipped Cheibriados.
Cheibriados was noncommittal.
You were not hungry.

You visited 2 branches of the dungeon, and saw 6 of its levels.

You collected 260 gold pieces.

Inventory:

Hand Weapons
 a - a +0 war axe (weapon)
Missiles
 r - 14 tomahawks (quivered)
Armour
 b - a +0 scale mail
 c - a +0 shield (worn)
 C - a +0 plate armour (worn)
Jewellery
 f - an uncursed amulet of warding {unknown}
 m - an uncursed ring of protection from magic {unknown}
 u - an uncursed ring of wizardry {unknown}
Wands
 y - a wand of polymorph (5)
 D - a wand of frost (34)
 E - a wand of frost (32)
Scrolls
 g - 3 scrolls of immolation {unknown}
 h - 2 scrolls of recharging {unknown}
 i - 3 scrolls of teleportation {unknown}
 j - 3 scrolls of random uselessness {unknown}
 k - 8 scrolls of remove curse {unknown}
 n - 3 scrolls of identify {unknown}
 o - a scroll of magic mapping {unknown}
 s - a scroll of fog {unknown}
 x - 3 scrolls of enchant armour {unknown}
Potions
 d - a potion of might
 l - 2 potions of brilliance
 q - a potion of curing
 t - a potion of degeneration {unknown}
 w - a potion of poison {unknown}
 A - 3 potions of magic {unknown}
 B - 2 potions of haste {unknown}
Comestibles
 e - 4 bread rations
 p - a meat ration
 v - a slice of pizza
 z - a fruit


   Skills:
 - Level 4.0 Fighting
 * Level 6.7 Axes
 - Level 4.1 Armour
 - Level 0.1 Dodging
 + Level 6.4 Shields


You had 7 spell levels left.
You didn't know any spells.

Dungeon Overview and Level Annotations

Branches:
Dungeon (5/15)             Temple (1/1) D:5

Altars:
Ashenzari
Cheibriados
Dithmenos
Elyvilon
Fedhas
Gozag
Kikubaaqudgha
Nemelex Xobeh
Ru
Trog
Vehumet
Xom

Shops:
D:5 [


Innate Abilities, Weirdness & Mutations

You are under a permanent stasis effect.
You can dig through walls and to a lower floor.
Your four strong arms can wield two-handed weapons with a shield.
You have a pair of large antennae on your head (SInv).


Message History

You destroy the adder skeleton!
Cheibriados appreciates the change of pace.
You hit the hound.
The hound is heavily wounded.
The hound bites you but does no damage. The hound barely misses you.
You slice the hound!!
You kill the hound!
Cheibriados thoroughly appreciates the change of pace.
You completely miss the ogre.
The ogre hits you with a giant spiked club!!
You barely miss the ogre.
The ogre hits you with a giant spiked club!
You slash the ogre!
The ogre is moderately wounded.
You block the ogre's attack.
You hit the ogre.
The ogre is moderately wounded.
The ogre hits you with a giant spiked club!!
Ouch! That really hurt!
You die...

#.# #.# #.# #.# #.# #.#
#.# #.# #.# #.# #.#
#.### # ###.### #.#..
....######.....# #.###
.......@O..###.#####.##≈
#..######.........(...#≈
#.#####.####.#..
........# #.####....
.######.# #........r ..#
#.#######≈ #.# #.# #≈
#.. ..# ## ### ###


You could see an ogre.

Vanquished Creatures
  Menkaure (D:5)
  A phantom (D:5)
  An ogre (D:3)
  2 crimson imps
  A hound (D:5)
  A giant frog skeleton (D:4)
  Ijyb (D:3)
  A jelly (D:4)
  Natasha (thrice) (D:4)
  5 orc wizards
  3 gnolls
  3 adders
  A shadow imp (D:3)
  2 adder skeletons
  3 worms (D:3)
  2 giant geckos
  12 orcs
  6 bats
  4 giant cockroaches
  7 goblins
  5 hobgoblins
  3 jackals (D:1)
  3 quokkas
  2 giant newts
  9 kobolds
  3 rats (D:1)
85 creatures vanquished.

Notes
Turn   | Place    | Note
--------------------------------------------------------------
     0 | D:1      | Ladykiller69 the Formicid Fighter began the quest for the Orb.
     0 | D:1      | Reached XP level 1. HP: 18/18 MP: 1/1
    78 | D:1      | Reached XP level 2. HP: 24/24 MP: 2/2
   453 | D:1      | Reached XP level 3. HP: 29/29 MP: 3/3
   753 | D:2      | Found a blossoming altar of Fedhas.
   755 | D:2      | Found an ancient bone altar of Kikubaaqudgha.
   760 | D:2      | Found a sparkling altar of Nemelex Xobeh.
   765 | D:2      | Found a bloodstained altar of Trog.
  1443 | D:2      | Reached skill level 4 in Shields
  1643 | D:3      | Reached XP level 4. HP: 35/35 MP: 4/4
  1844 | D:3      | Noticed Ijyb
  1872 | D:3      | Killed Ijyb
  1872 | D:3      | Reached XP level 5. HP: 37/42 MP: 5/5
  2116 | D:3      | Found a shimmering altar of Xom.
  2222 | D:4      | Reached XP level 6. HP: 35/48 MP: 6/6
  2498 | D:4      | Reached skill level 5 in Shields
  2674 | D:4      | Noticed Natasha
  2709 | D:4      | Killed Natasha
  3080 | D:4      | Noticed Natasha
  3089 | D:4      | Killed Natasha
  3114 | D:4      | Noticed Natasha
  3129 | D:4      | Killed Natasha
  3146 | D:4      | Reached skill level 5 in Axes
  3159 | D:4      | Reached XP level 7. HP: 33/54 MP: 7/7
  3864 | D:5      | Entered Level 5 of the Dungeon
  3902 | D:5      | Noticed Menkaure
  3946 | D:5      | Found a white marble altar of Elyvilon.
  4006 | D:5      | Found Howoill's Antique Armour Shop.
  4110 | D:5      | Found a staircase to the Ecumenical Temple.
  4127 | D:5      | Killed Menkaure
  4127 | D:5      | Reached skill level 6 in Axes
  4313 | Temple   | Entered the Ecumenical Temple
  4330 | Temple   | Became a worshipper of Cheibriados the Contemplative
  4405 | D:5      | Reached XP level 8. HP: 56/60 MP: 8/8
  4452 | D:5      | Slain by an ogre

Action                   |  1- 3 |  4- 6 |  7- 9 || total
-------------------------+-------+-------+-------++-------
Melee: War axe           |    97 |   181 |   104 ||   382
Throw: Tomahawk          |       |       |     2 ||     2
 Abil: Dig               |       |     5 |     5 ||    10
  Use: Potion            |     2 |       |     2 ||     4
  Eat: Chunk             |     2 |     6 |     5 ||    13
